AoeStats
← LV小吕

Coastal Forest

503135271Analyzed
4v4 RM · 2mo ago on Aug 30, 2026· 49m 55s· 8 players
Game mode
Random Map
Map size
Large (8 player)
Population
200
Speed
Normal
Resources
Standard
Victory
Conquest
Starting age
Dark Age
Ending age
Imperial Age
RankedLock teamsTeams togetherTeam positionsShared explorationLock speedFull tech treeHidden civsTurbo modeCheats
Victory
Defeat
🇨🇳 Slavs · China
783
+17
🇨🇿 Bohemians · Czechia
779
+17
🇹🇼 Koreans · Taiwan
778
+18
🇦🇺 Celts · Australia
746
+19
vs
🇳🇱 Ethiopians · Netherlands
1035
-26
🇳🇱 Franks · Netherlands
767
-16
🇳🇱 Chinese · Netherlands
738
-14
🇳🇱 Spanish · Netherlands
705
-13
A-Rai
1:04 Loom
10:54 Feudal Age
12:11 Man-at-Arms
12:37 Arson
14:00 Gold Mining
24:51 Castle Age
26:56 Husbandry
29:03 Wheelbarrow
32:36 Squires
37:58 Gold Shaft Mining
41:39 Imperial Age
39:26 Fletching
42:39 Scale Barding Armor
42:30 Bodkin Arrow
43:04 Conscription
42:20 Cavalier
50:03 Hand Cart
LV小吕
13:03 Feudal Age
14:02 Double-Bit Axe
20:03 Wheelbarrow
23:33 Castle Age
21:53 Gold Mining
21:57 Stone Mining
21:56 Town Watch
22:03 Horse Collar
24:10 Bloodlines
24:56 Bow Saw
24:51 Husbandry
24:12 Light Cavalry
24:55 Squires
28:37 Forging
28:32 Scale Barding Armor
29:08 Gold Shaft Mining
29:16 Hand Cart
33:00 Heavy Plow
34:04 Town Patrol
35:34 Detinets
38:11 Imperial Age
35:11 Man-at-Arms
36:46 Long Swordsman
37:33 Fishing Lines
38:46 Iron Casting
38:11 Scale Mail Armor
38:31 Chain Barding Armor
38:12 Two-Handed Swordsman
39:20 Conscription
39:10 Elite Boyar
41:19 Blast Furnace
42:12 Plate Barding Armor
41:53 Chain Mail Armor
41:13 Champion
42:36 Plate Barding Armor
Plechy
0:45 Loom
12:09 Feudal Age
12:53 Double-Bit Axe
20:50 Castle Age
18:49 Fishing Lines
23:42 Bow Saw
23:28 Gillnets
24:50 Wheelbarrow
25:38 Horse Collar
32:01 Imperial Age
29:51 Hand Cart
32:51 Ballistics
33:32 Chemistry
33:35 Elite Hussite Wagon
35:25 Two-Man Saw
34:35 Houfnice
45:14 Wagenburg Tactics
49:48 Fervor
Theoderic
11:56 Feudal Age
12:30 Horse Collar
12:39 Double-Bit Axe
16:17 Man-at-Arms
17:53 Gold Mining
18:43 Wheelbarrow
23:23 Castle Age
24:34 Hand Cart
24:46 Elite Skirmisher
25:30 Fletching
26:50 Bow Saw
30:04 Heavy Plow
31:34 Gold Shaft Mining
31:14 Stone Mining
32:47 Ballistics
33:38 Stone Shaft Mining
36:10 Imperial Age
36:30 Scale Mail Armor
36:26 Onager
38:07 Siege Engineers
38:41 Heavy Scorpion
39:05 Pikeman
39:11 Capped Ram
40:24 Siege Ram
44:15 Siege Onager
46:02 Furor Celtica
46:34 Gambesons
49:38 Light Cavalry
50:18 Husbandry
Porveer
4:28 Loom
10:50 Feudal Age
17:09 Town Watch
17:45 Town Watch
20:12 Double-Bit Axe
21:36 Gold Mining
22:13 Town Watch
23:04 Wheelbarrow
22:54 Stone Mining
28:31 Castle Age
28:48 Forging
28:34 Fletching
30:02 Town Patrol
31:13 Squires
30:37 Pikeman
31:30 Bodkin Arrow
32:13 Iron Casting
31:08 Elite Skirmisher
33:18 Bow Saw
33:10 Gambesons
34:24 Husbandry
35:00 Hand Cart
37:38 Gold Shaft Mining
43:27 Imperial Age
45:18 Onager
46:14 Elite Throwing Axeman
47:18 #83
47:30 Cavalier
49:36 Ballistics
49:35 Siege Engineers
gerard
0:39 Loom
13:23 Feudal Age
19:07 Castle Age
17:03 Double-Bit Axe
17:04 Fishing Lines
17:13 Man-at-Arms
18:09 Scale Mail Armor
18:20 Forging
20:19 Gillnets
20:45 Medium Warships
21:29 Bow Saw
23:48 Town Watch
25:12 Squires
26:34 Wheelbarrow
26:00 Town Patrol
27:03 Ballistics
26:56 Fortified Wall
26:59 Masonry
28:44 Hand Cart
35:40 Imperial Age
34:10 Murder Holes
34:25 Siphons
35:09 Horse Collar
35:40 Elite Skirmisher
36:26 Thumb Ring
36:25 Padded Archer Armor
36:41 Chain Mail Armor
36:17 Fletching
40:29 Rocketry
41:27 Leather Archer Armor
41:08 Bodkin Arrow
41:49 Iron Casting
43:27 Conscription
43:49 Ring Archer Armor
43:19 Bracer
45:25 Shipwright
LinearLeopard
6:50 Loom
9:22 Feudal Age
10:37 Double-Bit Axe
13:20 Fletching
15:15 Wheelbarrow
14:45 Horse Collar
18:12 Padded Archer Armor
24:11 Castle Age
24:46 Crossbowman
25:23 Bodkin Arrow
27:34 Thumb Ring
27:34 Town Watch
30:09 Gold Mining
37:20 Imperial Age
39:03 Chemistry
44:00 Bracer
44:36 Bow Saw
47:44 Hand Cart
48:01 Heavy Plow
goldenshit
2:13 Loom
10:55 Feudal Age
13:15 Wheelbarrow
17:00 Double-Bit Axe
16:59 Horse Collar
21:15 Castle Age
20:16 Forging
20:12 Scale Barding Armor
21:08 Gold Mining
21:09 Stone Mining
21:09 Town Watch
23:02 Hand Cart
24:12 Husbandry
27:08 Heavy Plow
29:50 Bow Saw
30:06 Pikeman
33:10 Chain Barding Armor
35:40 Town Patrol
35:12 Light Cavalry
36:03 Bloodlines
35:56 Scale Mail Armor
35:56 Padded Archer Armor
36:32 Iron Casting
42:31 Imperial Age
43:46 Onager
46:07 Halberdier
46:47 Squires
48:40 Chemistry
47:32 Cavalier
Connection lost

Rejoining the realm…

Still unreachable

The connection could not be restored.

Session expired

The server has moved on; the page needs a fresh start.